[Event "Titled Tuesday Blitz July 13 2021"]
[White "Pruijssers, Roeland"]
[Black "Shukhman, Anna"]
[WhiteFideId "1013068"]
[BlackFideId "54180058"]
[WhiteElo "2545"]
[BlackElo "1628"]
[Result "1-0"]
[Round "01"]
[TimeControl "180+1"]
[Date "2021.07.13"]
[WhiteClock "0:00:26"]
[BlackClock "0:00:20"]

1. e4 c5 2. Nf3 e6 3. Bd3 Nc6 4. O-O d5 5. Re1 dxe4 6. Bxe4 Nf6 7. Bxc6+ bxc6 8. Ne5 Bd6 9. Na3 Qc7 10. Nac4 O-O 11. d3 Nd5 12. Nxd6 Qxd6 13. Bd2 Rb8 14. b3 Ba6 15. Qg4 Nf6 16. Qa4 Bb5 17. Qa5 Qd8 18. Qxd8 Rbxd8 19. a4 Ba6 20. Nxc6 Rd7 21. Ne5 Rd5 22. Nc6 Rd7 23. Bf4 Nd5 24. Bg3 Bb7 25. Nxa7 Nb4 26. Re2 Ba6 27. Nb5 Bxb5 28. axb5 Rb7 29. Ra5 Nd5 30. Bd6 Rc8 31. Bxc5 Nc3 32. Re1 h5 33. b6 Nd5 34. c4 Nxb6 35. Rb5 Rcb8 36. Bxb6 Rxb6 37. Rxb6 Rxb6 38. Rb1 Rb4 39. Kf1 Kf8 40. Ke2 e5 41. Kd2 Ke7 42. Kc3 Rb8 43. Ra1 Rb7 44. b4 g5 45. c5 f5 46. Kc4 g4 47. b5 f4 48. b6 Kd7 49. Ra7 Kc6 50. Rxb7 Kxb7 51. Kd5 h4 52. g3 fxg3 53. fxg3 1-0


[Site "https://www.chess.com"]

[Event "Titled Tuesday Blitz July 13 2021"]
[White "Rosenberg, Evan S"]
[Black "Chen, Justin"]
[WhiteFideId "2019299"]
[BlackFideId "2098199"]
[WhiteElo "2364"]
[BlackElo "2677"]
[Result "1-0"]
[Round "01"]
[TimeControl "180+1"]
[Date "2021.07.13"]
[WhiteClock "0:00:04"]
[BlackClock "0:00:02"]

1. Nf3 Nf6 2. c4 e6 3. Nc3 d5 4. d4 c5 5. cxd5 Nxd5 6. e4 Nxc3 7. bxc3 cxd4 8. cxd4 Bb4+ 9. Bd2 Bxd2+ 10. Qxd2 O-O 11. Bd3 b6 12. Rc1 Bb7 13. h4 Nd7 14. e5 Bxf3 15. gxf3 Rc8 16. Rxc8 Qxc8 17. h5 Qc6 18. Ke2 f6 19. Rc1 Qb7 20. Be4 Qa6+ 21. Bd3 Qa3 22. Rc3 Qe7 23. Rc7 Qd8 24. Qc2 fxe5 25. Bxh7+ Kh8 26. h6 gxh6 27. Bg6 exd4 28. Rxa7 Ne5 29. Qe4 d3+ 30. Kd1 Nxf3 31. Qxe6 Qf6 32. Rh7# 1-0


[Site "https://www.chess.com"]

[Event "Titled Tuesday Blitz July 13 2021"]
[White "Rozhkov, Viacheslav"]
[Black "Zhigalko, Sergei"]
[WhiteFideId "4181484"]
[BlackFideId "13502956"]
[WhiteElo "2324"]
[BlackElo "2662"]
[Result "0-1"]
[Round "01"]
[TimeControl "180+1"]
[Date "2021.07.13"]
[WhiteClock "0:00:16"]
[BlackClock "0:00:40"]

1. e4 c5 2. Nf3 Nc6 3. d4 cxd4 4. Nxd4 Nf6 5. Nc3 e5 6. Ndb5 d6 7. Bg5 a6 8. Na3 b5 9. Bxf6 gxf6 10. Nd5 Bg7 11. g3 Ne7 12. Bg2 O-O 13. O-O Be6 14. c4 Bxd5 15. exd5 Qb6 16. Rc1 f5 17. c5 dxc5 18. d6 Nc6 19. Qd5 Nd4 20. Rxc5 Rad8 21. d7 Qa7 22. Rc8 e4 23. Rxd8 Rxd8 24. Nb1 Rxd7 0-1


[Site "https://www.chess.com"]

[Event "Titled Tuesday Blitz July 13 2021"]
[White "Rustemov, Alexander"]
[Black "Deviprasath, Sharvesh"]
[WhiteFideId "4119002"]
[BlackFideId "30938228"]
[WhiteElo "2758"]
[BlackElo "2102"]
[Result "1-0"]
[Round "01"]
[TimeControl "180+1"]
[Date "2021.07.13"]
[WhiteClock "0:00:47"]
[BlackClock "0:00:07"]

1. d4 Nf6 2. c4 g6 3. Nf3 Bg7 4. g3 O-O 5. Bg2 d6 6. Nc3 Nbd7 7. d5 e5 8. dxe6 fxe6 9. O-O e5 10. Be3 Qe7 11. Rc1 Ng4 12. Bg5 Ngf6 13. Nd5 Qd8 14. Qd2 Nc5 15. Bxf6 Bxf6 16. b4 Ne6 17. e3 Bd7 18. h4 Kh8 19. Rfd1 Bc6 20. Nh2 Ng7 21. Ng4 Be7 22. b5 Bxd5 23. cxd5 Rc8 24. Rc4 Nh5 25. e4 Qd7 26. Ne3 Bd8 27. a4 Nf6 28. Kh2 Ng4+ 29. Nxg4 Qxg4 30. Bh3 Rxf2+ 31. Qxf2 Qxd1 32. Qf8# 1-0


[Site "https://www.chess.com"]

[Event "Titled Tuesday Blitz July 13 2021"]
[White "Samsonkin, Artiom"]
[Black "Vivas Zamora, Fabian Ernesto"]
[WhiteFideId "13503111"]
[BlackFideId "3902480"]
[WhiteElo "2513"]
[BlackElo "1966"]
[Result "1-0"]
[Round "01"]
[TimeControl "180+1"]
[Date "2021.07.13"]
[WhiteClock "0:00:19"]
[BlackClock "0:00:07"]

1. e4 e5 2. Nf3 Nc6 3. d4 exd4 4. Bc4 Nf6 5. e5 d5 6. Bb5 Ne4 7. Nxd4 Bc5 8. Be3 O-O 9. Nxc6 bxc6 10. Bxc5 Nxc5 11. Bxc6 Rb8 12. Qxd5 Qe7 13. O-O Rxb2 14. Nc3 Rd8 15. Qf3 Ne6 16. Qe3 Nd4 17. Be4 g6 18. Rad1 Ba6 19. Rfe1 Qxe5 20. f4 Qc5 21. Kh1 Rb4 22. Nd5 Rxd5 23. Bxd5 Qxd5 24. c3 Rb2 25. Rd2 Rxd2 26. Qxd2 Bb7 27. cxd4 c5 28. Re5 Qc4 29. Qe2 Qc1+ 30. Qe1 Qxe1+ 31. Rxe1 cxd4 32. Rd1 Bd5 33. a3 Bb3 34. Rxd4 a5 35. Kg1 a4 36. Kf2 Kg7 37. Ke3 h6 38. Rb4 Kf6 39. Rb5 Kg7 40. g3 Kf6 41. Kd4 Kg7 42. g4 Kf6 43. h4 Kg7 44. g5 hxg5 45. hxg5 Kf8 46. Rxb3 axb3 47. Kc3 Ke7 48. Kxb3 f6 49. a4 fxg5 50. fxg5 Ke6 51. Kc4 Kf5 52. a5 Kxg5 53. a6 Kf4 54. a7 g5 55. a8=Q g4 56. Qg2 1-0


[Site "https://www.chess.com"]

[Event "Titled Tuesday Blitz July 13 2021"]
[White "Sawyer, Bradley"]
[Black "Djordjevic, Vuk"]
[WhiteFideId "2023784"]
[BlackFideId "902098"]
[WhiteElo "2328"]
[BlackElo "2463"]
[Result "0-1"]
[Round "01"]
[TimeControl "180+1"]
[Date "2021.07.13"]
[WhiteClock "0:00:14"]
[BlackClock "0:00:44"]

1. c4 e5 2. g3 Nc6 3. Bg2 g6 4. Nc3 Bg7 5. d3 d6 6. e3 Be6 7. Rb1 Qd7 8. b4 a6 9. a4 Nge7 10. b5 axb5 11. axb5 Nd8 12. Nge2 Bh3 13. Bxh3 Qxh3 14. Bd2 Qg2 15. Rg1 Qxh2 16. b6 c6 17. Ne4 Nf5 18. Ra1 Rxa1 19. Qxa1 O-O 20. Qa3 d5 21. cxd5 cxd5 22. Nc5 h5 23. Rf1 h4 24. gxh4 Nxh4 25. Nc3 Nf3+ 26. Kd1 Qh3 27. Re1 Qg4 28. Nxd5 Nxe1+ 29. Kxe1 Qg1+ 30. Ke2 Qg4+ 31. Ke1 Kh8 32. Nd7 Qxd7 0-1


[Site "https://www.chess.com"]

[Event "Titled Tuesday Blitz July 13 2021"]
[White "Sellitti, Federico"]
[Black "Stepak, Yedael"]
[WhiteFideId "821829"]
[BlackFideId "2800454"]
[WhiteElo "2614"]
[BlackElo "2146"]
[Result "1-0"]
[Round "01"]
[TimeControl "180+1"]
[Date "2021.07.13"]
[WhiteClock "0:00:10"]
[BlackClock "0:00:29"]

1. e4 c5 2. Nc3 e6 3. g3 a6 4. Bg2 b5 5. d3 Bb7 6. Be3 Qc7 7. f4 d6 8. Nf3 Nd7 9. O-O Ngf6 10. h3 Rc8 11. Qe2 b4 12. Nd1 c4 13. Nf2 Be7 14. f5 e5 15. Rad1 Nh5 16. Kh2 g6 17. g4 Nf4 18. Bxf4 exf4 19. d4 O-O 20. g5 Rfe8 21. Rfe1 Bf8 22. Kg1 gxf5 23. e5 dxe5 24. Nxe5 Nxe5 25. dxe5 Bxg2 26. Kxg2 Bc5 27. Qf3 Rxe5 28. Qxf4 Qc6+ 29. Qf3 Qxf3+ 30. Kxf3 Rce8 31. Rxe5 Rxe5 32. Rd8+ Kg7 33. Nd1 c3 34. bxc3 bxc3 35. Rd3 Bb4 36. Nxc3 Ra5 37. Nd5 Bf8 38. Ne3 Kg6 39. c4 Kxg5 40. Rc3 Bc5 41. Nd5 Ra3 42. Rxa3 Bxa3 43. Nf4 Kf6 44. Nd3 Bd6 45. Ke3 Ke6 46. c5 Bc7 47. Kd4 f4 48. Ke4 f5+ 49. Kf3 Kd5 50. Nb4+ Kxc5 51. Nxa6+ Kc6 52. Nxc7 Kxc7 53. Kxf4 Kb6 54. Kxf5 Kb5 55. Kf6 Kc4 56. Kg7 Kc3 57. Kxh7 Kb2 58. Kg7 Kxa2 59. h4 1-0


[Site "https://www.chess.com"]

[Event "Titled Tuesday Blitz July 13 2021"]
[White "Seo, Jung Min"]
[Black "Jodorcovsky Werjivker, Paulo"]
[WhiteFideId "1734687"]
[BlackFideId "3700305"]
[WhiteElo "2486"]
[BlackElo "2142"]
[Result "1-0"]
[Round "01"]
[TimeControl "180+1"]
[Date "2021.07.13"]
[WhiteClock "0:01:08"]
[BlackClock "0:00:01"]

1. Nf3 Nf6 2. d4 g6 3. c4 Bg7 4. Nc3 d6 5. e4 O-O 6. Be2 e5 7. O-O Nc6 8. d5 Ne7 9. Ne1 Nd7 10. Be3 f5 11. f3 f4 12. Bf2 g5 13. Rc1 h5 14. c5 Nf6 15. cxd6 cxd6 16. Nb5 g4 17. Nc7 Rb8 18. Bxa7 g3 19. Bxb8 Bd7 20. Ba7 Ng6 21. Ne6 Bxe6 22. dxe6 Nh7 23. Qd5 Kh8 24. Nd3 Qh4 25. h3 Ng5 26. Nf2 gxf2+ 27. Bxf2 Nxh3+ 28. gxh3 Qxh3 29. Rfd1 Rg8 30. Bf1 Qxf3 31. Qd3 Qg4+ 32. Kh1 f3 33. Qe3 Nf4 34. Rc3 Bf6 35. Qxf3 Qxe6 36. Rcd3 h4 37. Rxd6 Qf7 38. b3 Qg6 39. Bc4 Rg7 40. Rg1 Qh6 41. Rxg7 Qxg7 42. Rd1 h3 43. Rg1 Qh6 44. Qg4 Bg7 45. Qc8+ Kh7 46. Qg8# 1-0


[Site "https://www.chess.com"]

[Event "Titled Tuesday Blitz July 13 2021"]
[White "Shahade, Gregory"]
[Black "Sarkar, Justin"]
[WhiteFideId "2009064"]
[BlackFideId "2010011"]
[WhiteElo "2710"]
[BlackElo "2072"]
[Result "1-0"]
[Round "01"]
[TimeControl "180+1"]
[Date "2021.07.13"]
[WhiteClock "0:00:58"]
[BlackClock "0:00:01"]

1. e4 e5 2. Nf3 Nc6 3. Bb5 a6 4. Ba4 Nf6 5. O-O Be7 6. Re1 b5 7. Bb3 d6 8. c3 O-O 9. h3 a5 10. d4 a4 11. Bc2 Bd7 12. Na3 Qb8 13. Qe2 b4 14. Nc4 bxc3 15. bxc3 exd4 16. cxd4 d5 17. exd5 Nxd5 18. Nce5 Nxe5 19. Nxe5 Be6 20. Nc6 Qe8 21. Nxe7+ Qxe7 22. Qe4 Nf6 23. Bg5 Nxe4 24. Bxe7 Nd6 25. Bxf8 Kxf8 26. a3 Nb5 27. Red1 Rd8 28. d5 1-0


[Site "https://www.chess.com"]

[Event "Titled Tuesday Blitz July 13 2021"]
[White "Shkapenko, Pavel"]
[Black "Kolb, Tobias"]
[WhiteFideId "4151933"]
[BlackFideId "12992321"]
[WhiteElo "2386"]
[BlackElo "2110"]
[Result "1/2-1/2"]
[Round "01"]
[TimeControl "180+1"]
[Date "2021.07.13"]
[WhiteClock "0:00:22"]
[BlackClock "0:00:36"]

1. e4 c6 2. d4 d5 3. e5 c5 4. dxc5 e6 5. a3 Bxc5 6. b4 Be7 7. Qg4 g6 8. Bd3 a5 9. b5 Nd7 10. Nf3 Qc7 11. Bf4 h5 12. Qg3 h4 13. Qg4 Nh6 14. Bxh6 Rxh6 15. Qf4 g5 16. Qd4 Bc5 17. Qg4 Be7 18. Qd4 f6 19. exf6 Bxf6 20. Qe3 Bxa1 21. Qxg5 Rf6 22. Nbd2 Qf4 23. Qg8+ Ke7 24. O-O Nc5 25. Rxa1 Nxd3 26. cxd3 Rf8 27. Qg7+ Rf7 28. Qc3 Bd7 29. Qc5+ Qd6 30. Qd4 Qf4 31. Qc5+ Qd6 32. Qd4 Qf4 33. Qc5+ 1/2-1/2


[Site "https://www.chess.com"]

[Event "Titled Tuesday Blitz July 13 2021"]
[White "Shtyka, Sergey"]
[Black "Yeletsky, Ivan"]
[WhiteFideId "4138465"]
[BlackFideId "24180327"]
[WhiteElo "2064"]
[BlackElo "2344"]
[Result "0-1"]
[Round "01"]
[TimeControl "180+1"]
[Date "2021.07.13"]
[WhiteClock "0:00:13"]
[BlackClock "0:01:23"]

1. e4 c5 2. Nf3 d6 3. d4 cxd4 4. Nxd4 Nf6 5. Nc3 a6 6. Bc4 e6 7. O-O Be7 8. Be3 b5 9. Bd3 O-O 10. a3 Bb7 11. f4 Nbd7 12. Qf3 Nc5 13. Rae1 Rc8 14. Kh1 g6 15. Bf2 d5 16. e5 Nfe4 17. Nd1 Nd2 18. Qh3 Nxf1 19. Rxf1 Nxd3 20. cxd3 Rc1 21. Be3 Rb1 22. f5 exf5 23. Bh6 Bc8 24. Bxf8 Bxf8 25. Qe3 Qc7 26. e6 Bxe6 27. Nxe6 Qe7 28. Nxf8 Rxd1 29. Qg1 Rxf1 30. Qxf1 Kxf8 31. h3 Qe3 32. Qd1 d4 33. Qc2 Kg7 34. a4 bxa4 35. Kh2 f4 36. h4 Qg3+ 37. Kg1 Qe1+ 38. Kh2 Qxh4+ 39. Kg1 Qe1+ 40. Kh2 Qe5 41. Kh1 h5 42. Qxa4 Qe1+ 43. Kh2 Qg3+ 44. Kh1 Qxd3 45. b4 Qe3 46. b5 axb5 47. Qxb5 d3 48. Qb2+ f6 49. Qb7+ Kh6 50. Qf7 d2 51. Qf8+ Kg5 52. g3 d1=Q+ 0-1


[Site "https://www.chess.com"]

[Event "Titled Tuesday Blitz July 13 2021"]
[White "Silva, Kaua Marques"]
[Black "Onyshchuk, Volodymyr"]
[WhiteFideId "22701168"]
[BlackFideId "14114038"]
[WhiteElo "2013"]
[BlackElo "2603"]
[Result "0-1"]
[Round "01"]
[TimeControl "180+1"]
[Date "2021.07.13"]
[WhiteClock "0:01:08"]
[BlackClock "0:01:46"]

1. e4 e5 2. Nf3 Nc6 3. Bb5 Nf6 4. O-O Nxe4 5. d4 Nd6 6. dxe5 Nxb5 7. a4 Nbd4 8. Nxd4 d5 9. e6 Bxe6 10. Nxe6 fxe6 11. Re1 Qd7 12. Qg4 O-O-O 13. Qxe6 Qxe6 14. Rxe6 Nd4 15. Re5 Bd6 16. Rg5 Nxc2 17. Ra2 g6 18. Nc3 c6 19. g3 Rhe8 20. Bd2 Re6 21. b3 Nd4 22. Kg2 Nxb3 23. Rg4 h5 24. Rh4 Be7 25. Rf4 Nxd2 26. Rxd2 Bg5 0-1


[Site "https://www.chess.com"]

[Event "Titled Tuesday Blitz July 13 2021"]
[White "Sjugirov, Sanan"]
[Black "Kotepalli, Sai Nirupama"]
[WhiteFideId "4189302"]
[BlackFideId "5039444"]
[WhiteElo "2472"]
[BlackElo "2445"]
[Result "1-0"]
[Round "01"]
[TimeControl "180+1"]
[Date "2021.07.13"]
[WhiteClock "0:01:45"]
[BlackClock "0:00:53"]

1. e4 c5 2. Nf3 e6 3. d3 Nc6 4. g3 d5 5. Qe2 Nf6 6. Bg2 Be7 7. O-O O-O 8. e5 Nd7 9. c4 Qc7 10. Re1 Nb6 11. Nc3 a6 12. Bf4 dxc4 13. dxc4 Bd7 14. b3 Rad8 15. h4 Nd4 16. Nxd4 cxd4 17. Ne4 Bc6 18. Nf6+ Kh8 19. Qh5 gxf6 20. exf6 Bd6 21. Bh6 Rg8 22. Bg7+ Rxg7 23. fxg7+ Kxg7 24. Bxc6 bxc6 25. c5 Bxg3 26. Qg5+ Kf8 27. Qxg3 Qxg3+ 28. fxg3 Nd5 29. Rad1 Nb4 30. Rd2 Rd5 31. a3 Rxc5 32. axb4 Rd5 33. Ra1 e5 34. Rxa6 e4 35. Rxc6 e3 36. Rd3 Rf5 37. Rxd4 e2 38. Rc8+ Kg7 39. Rc1 1-0


[Site "https://www.chess.com"]

[Event "Titled Tuesday Blitz July 13 2021"]
[White "Sliwicki, Damian"]
[Black "Gupta, Abhijeet"]
[WhiteFideId "1127128"]
[BlackFideId "5010608"]
[WhiteElo "2149"]
[BlackElo "2549"]
[Result "0-1"]
[Round "01"]
[TimeControl "180+1"]
[Date "2021.07.13"]
[WhiteClock "0:00:08"]
[BlackClock "0:00:19"]

1. e4 e6 2. d4 d5 3. exd5 exd5 4. Nf3 Nf6 5. Bd3 c5 6. O-O c4 7. Re1+ Be7 8. Bf1 O-O 9. b3 cxb3 10. axb3 Nc6 11. h3 h6 12. Ne5 Nxe5 13. dxe5 Ne4 14. Nd2 Bf5 15. Nxe4 Bxe4 16. Bd3 f5 17. f3 Bxd3 18. Qxd3 a6 19. f4 Rc8 20. Bb2 Kh8 21. Kh1 Qc7 22. Rac1 Rcd8 23. Re3 Qc6 24. Rg3 Qe6 25. Bd4 b5 26. Qf3 a5 27. Qh5 Kh7 28. Ra1 Ra8 29. c3 a4 30. b4 a3 31. Qe2 Rfb8 32. Ra2 Ra4 33. Qf1 g6 34. Qc1 Rba8 35. Rf3 Kg8 36. Rff2 Kf7 37. Qe3 Bh4 38. Rf1 Bd8 39. Qe2 Qe8 40. g4 Qd7 41. gxf5 Qxf5 42. Qxb5 Qxh3+ 43. Kg1 R4a6 44. f5 gxf5 45. Qd7+ Be7 46. Rg2 Re6 47. Rg7+ Kxg7 48. Qxe6 Qg3+ 49. Kh1 Qh3+ 50. Kg1 Rg8 51. Qxe7+ Kh8+ 52. Kf2 Rg2+ 53. Ke1 Qg3+ 54. Rf2 Rg1+ 55. Ke2 Qg4+ 56. Rf3 Qe4+ 57. Be3 Rg2+ 58. Rf2 Qc2+ 59. Kf3 Qe4+ 60. Ke2 Qg4+ 61. Ke1 Rg1+ 62. Rf1 Qg3+ 63. Bf2 Qxc3+ 64. Ke2 Qc4+ 65. Kf3 Qe4# 0-1


[Site "https://www.chess.com"]

[Event "Titled Tuesday Blitz July 13 2021"]
[White "Sonis, Francesco"]
[Black "Petrova, Irina"]
[WhiteFideId "895733"]
[BlackFideId "14124122"]
[WhiteElo "2373"]
[BlackElo "2022"]
[Result "1-0"]
[Round "01"]
[TimeControl "180+1"]
[Date "2021.07.13"]
[WhiteClock "0:00:52"]
[BlackClock "0:00:08"]

1. e4 d6 2. d4 Nf6 3. Nc3 e5 4. Nf3 Nbd7 5. Bc4 Be7 6. a4 O-O 7. Ba2 c6 8. O-O h6 9. h3 Re8 10. dxe5 Nxe5 11. Nd4 c5 12. Nde2 Be6 13. Nf4 Bxa2 14. Rxa2 Bf8 15. Re1 Nc6 16. Ra3 Nb4 17. Nfd5 Nfxd5 18. Nxd5 Nxd5 19. Qxd5 Rb8 20. Bf4 Qf6 21. Bc1 Qe5 22. Rd3 b6 23. b3 Re6 24. Qxe5 dxe5 25. Red1 a6 26. Rd8 Re8 27. Rxe8 Rxe8 28. Rd5 f6 29. Be3 Kf7 30. a5 Rb8 31. axb6 Rxb6 32. Bxc5 Bxc5 33. Rxc5 Ke6 34. f3 g6 35. Kf2 f5 36. Ke3 f4+ 37. Kd3 Kd6 38. Rd5+ Ke6 39. Ra5 Rc6 40. c4 Kf6 41. c5 Kg5 42. Kc4 Kh4 43. Kd5 Rc8 44. Rxa6 Kg3 45. Rxg6+ Kf2 46. b4 1-0


[Site "https://www.chess.com"]

[Event "Titled Tuesday Blitz July 13 2021"]
[White "Stribuk, Artiom"]
[Black "Salazar Olchowski, Gabriel Anton"]
[WhiteFideId "13515659"]
[BlackFideId "3920747"]
[WhiteElo "2224"]
[BlackElo "1892"]
[Result "1-0"]
[Round "01"]
[TimeControl "180+1"]
[Date "2021.07.13"]
[WhiteClock "0:01:02"]
[BlackClock "0:00:15"]

1. d4 Nf6 2. c4 c5 3. Nf3 g6 4. d5 b5 5. cxb5 a6 6. bxa6 Bg7 7. Nc3 O-O 8. g3 Qa5 9. Bd2 d6 10. Bg2 Nbd7 11. O-O Nb6 12. b3 Qxa6 13. e4 Bb7 14. Qc2 Qa3 15. Nb5 Qa6 16. Nc7 Qa7 17. Nxa8 Rxa8 18. Bc3 Ba6 19. Rfe1 Qb7 20. Rad1 Nbd7 21. e5 Nxd5 22. Ng5 N7b6 23. Ba1 h6 24. Ne4 dxe5 25. Nxc5 Qc6 26. Bxe5 Rc8 27. Bxg7 Kxg7 28. Qb2+ Kg8 29. Nxa6 Nc3 30. Rc1 Ne2+ 31. Qxe2 Qxc1 32. Rxc1 Rxc1+ 33. Bf1 Nd5 34. Qd2 1-0


[Site "https://www.chess.com"]

[Event "Titled Tuesday Blitz July 13 2021"]
[White "Timofeev, Artyom"]
[Black "Filippova, Margarita"]
[WhiteFideId "4140419"]
[BlackFideId "34199680"]
[WhiteElo "2582"]
[BlackElo "1829"]
[Result "1-0"]
[Round "01"]
[TimeControl "180+1"]
[Date "2021.07.13"]
[WhiteClock "0:01:25"]
[BlackClock "0:00:53"]

1. c4 Nf6 2. Nc3 e6 3. Nf3 d5 4. e3 c6 5. b3 Nbd7 6. Bb2 Bd6 7. Qc2 O-O 8. Rg1 e5 9. cxd5 Nxd5 10. a3 f5 11. O-O-O Qe7 12. Nb1 Nc5 13. d4 exd4 14. Nxd4 Nxe3 15. fxe3 Qxe3+ 16. Nd2 Be5 17. Bc4+ Kh8 18. Rge1 Qf4 19. g3 Qf2 20. Rxe5 Ne4 21. Nxe4 Qxc2+ 22. Nxc2 fxe4 23. Re7 1-0


[Site "https://www.chess.com"]

[Event "Titled Tuesday Blitz July 13 2021"]
[White "Torkkola, Henri"]
[Black "Blohberger, Felix"]
[WhiteFideId "507660"]
[BlackFideId "1632051"]
[WhiteElo "2137"]
[BlackElo "2462"]
[Result "1-0"]
[Round "01"]
[TimeControl "180+1"]
[Date "2021.07.13"]
[WhiteClock "0:00:16"]
[BlackClock "0:00:02"]

1. d4 e6 2. Bf4 Nf6 3. e3 b6 4. Qf3 Nc6 5. Nc3 Bb7 6. O-O-O Bb4 7. Nge2 Na5 8. e4 d5 9. e5 Ne4 10. Nxe4 dxe4 11. Qg3 Rg8 12. Bg5 Qd5 13. Kb1 Nc4 14. Nc3 Qc6 15. d5 exd5 16. Nxd5 Qxd5 17. Rxd5 Bxd5 18. Bxc4 Bxc4 19. Rd1 Be6 20. Qe3 Be7 21. Qxe4 Rd8 22. Rxd8+ Kxd8 23. Qxh7 f6 24. Bf4 Kc8 25. Qe4 Rd8 26. Kc1 f5 27. Qa8+ Kd7 28. Qxa7 g5 29. Qa4+ Kc8 30. Be3 f4 31. Bd2 Bc5 32. f3 Rd5 33. Qe4 Kd7 34. a3 b5 35. b4 Bd4 36. c3 Bxe5 37. h4 c6 38. hxg5 Bg7 39. Bxf4 Bf5 40. Qe3 Bf8 41. g4 Bg6 42. Be5 Be7 43. f4 Rd3 44. Qa7+ Ke8 45. Bf6 Bd6 46. Qa8+ Kd7 47. Qb7+ Ke8 48. Qxc6+ Kf7 49. Qd7+ Kg8 50. Qe6+ Kh7 51. f5 Bf4+ 52. Kc2 Rd2+ 53. Kb3 Rb2+ 54. Kxb2 Bc1+ 55. Kxc1 Be8 56. Qe7+ Kg8 57. Qg7# 1-0


[Site "https://www.chess.com"]

[Event "Titled Tuesday Blitz July 13 2021"]
[White "Tristan, Leonardo"]
[Black "Altman, Joshua"]
[WhiteFideId "113816"]
[BlackFideId "426210"]
[WhiteElo "2404"]
[BlackElo "1945"]
[Result "1-0"]
[Round "01"]
[TimeControl "180+1"]
[Date "2021.07.13"]
[WhiteClock "0:00:03"]
[BlackClock "0:00:21"]

1. d4 Nf6 2. Bg5 e6 3. e4 h6 4. Bxf6 Qxf6 5. c3 b6 6. Bc4 Bb7 7. Nd2 c5 8. Ne2 cxd4 9. cxd4 Nc6 10. Nf3 g5 11. O-O g4 12. e5 Qe7 13. Nd2 Bg7 14. Ne4 Nxe5 15. dxe5 Bxe4 16. Qd4 Bc6 17. Qxg4 Qg5 18. h3 Bxe5 19. f4 Qxg4 20. hxg4 Bd6 21. Rad1 Bc5+ 22. Kh2 O-O-O 23. a3 a5 24. Rc1 Rdg8 25. Kh3 f5 26. gxf5 Bxg2+ 27. Kh2 Bxf1 28. Rxf1 Re8 29. fxe6 dxe6 30. Nc3 Rhg8 31. Ne4 Rgf8 32. Kg3 Rg8+ 33. Kf3 Rgf8 34. Rc1 Kb8 35. Bb5 Rc8 36. Re1 Rc7 37. Nc3 Rcf7 38. Rxe6 Rxf4+ 39. Ke2 Rf2+ 40. Kd3 Rxb2 41. Bc6 Bxa3 42. Nb5 Bc5 43. Rxh6 Rd8+ 44. Kc3 Rb4 45. Rh7 Rxb5 46. Bxb5 Rc8 47. Kb3 Rc7 48. Rh8+ Ka7 49. Bc4 Rd7 50. Bb5 Rd4 51. Bc6 b5 52. Kc3 Rc4+ 53. Kd3 Bd4 54. Rh7+ Kb6 55. Bd5 Rc5 56. Kxd4 a4 57. Rb7+ Ka6 58. Kxc5 a3 59. Rb8 Ka5 60. Ra8# 1-0


[Site "https://www.chess.com"]

[Event "Titled Tuesday Blitz July 13 2021"]
[White "Tronenkovs, Valdis"]
[Black "Kukhmazov, Arsen"]
[WhiteFideId "11601558"]
[BlackFideId "24108260"]
[WhiteElo "2232"]
[BlackElo "2453"]
[Result "0-1"]
[Round "01"]
[TimeControl "180+1"]
[Date "2021.07.13"]
[WhiteClock "0:00:08"]
[BlackClock "0:00:20"]

1. e4 c6 2. Nc3 d5 3. Nf3 Bg4 4. d4 e6 5. Bd3 Nf6 6. O-O Be7 7. h3 Bh5 8. Re1 O-O 9. a3 dxe4 10. Nxe4 Bg6 11. Nc5 Bxc5 12. Bxg6 hxg6 13. dxc5 Nbd7 14. Bf4 Re8 15. Bd6 Qa5 16. b4 Qa6 17. Qd4 Rad8 18. Qh4 b6 19. Ng5 bxc5 20. bxc5 Qa5 21. Re3 Nxc5 22. Be5 Ncd7 23. Bxf6 Nxf6 24. Rf3 Rd5 25. Rg3 Red8 26. Kh2 Qc7 27. Rb1 Nh5 28. Kg1 Rd1+ 29. Rxd1 Rxd1+ 30. Kh2 Qe5 31. Nf3 Qa1 32. Qd8+ Rxd8 0-1


[Site "https://www.chess.com"]

[Event "Titled Tuesday Blitz July 13 2021"]
[White "Tsotsonava, Elene"]
[Black "Ozen, Bahadir"]
[WhiteFideId "13615939"]
[BlackFideId "6337058"]
[WhiteElo "1847"]
[BlackElo "2503"]
[Result "0-1"]
[Round "01"]
[TimeControl "180+1"]
[Date "2021.07.13"]
[WhiteClock "0:02:37"]
[BlackClock "0:02:37"]

1. e4 c6 2. d4 d5 3. e5 Bf5 4. h4 Qc8 5. Bd3 Bxd3 6. Qxd3 e6 7. h5 h6 8. f4 c5 9. c3 cxd4 10. cxd4 Qxc1+ 11. Kf2 Qxb2+ 12. Nd2 0-1


[Site "https://www.chess.com"]

[Event "Titled Tuesday Blitz July 13 2021"]
[White "Vasquez Schroeder, Rodrigo"]
[Black "Begunov, Konstantin"]
[WhiteFideId "3400042"]
[BlackFideId "4118510"]
[WhiteElo "2572"]
[BlackElo "2262"]
[Result "1-0"]
[Round "01"]
[TimeControl "180+1"]
[Date "2021.07.13"]
[WhiteClock "0:01:10"]
[BlackClock "0:00:08"]

1. e4 c5 2. Nf3 d6 3. d4 cxd4 4. Nxd4 Nf6 5. Nc3 a6 6. Bg5 e6 7. f4 Qb6 8. Bxf6 gxf6 9. Qd2 Nc6 10. Nb3 Be7 11. Be2 O-O 12. O-O-O Kh8 13. Rhf1 Rg8 14. Bh5 Rg7 15. Rf3 Na5 16. Qe2 Nxb3+ 17. cxb3 Bd7 18. Rg3 Rag8 19. Rxg7 Rxg7 20. g3 Bc6 21. Kb1 Qa5 22. a3 Qb6 23. b4 Qc7 24. Rc1 Qd7 25. Rd1 b5 26. Qd3 Qb7 27. f5 Qb6 28. Qd4 Qxd4 29. Rxd4 Kg8 30. Kc2 Kf8 31. Kd3 e5 32. Rd5 Bxd5 33. Nxd5 Bd8 34. Be2 Ke8 35. Ke3 Kd7 36. Kf3 Rg8 37. b3 Be7 38. Ke3 Rb8 39. Kd2 Kd8 40. Bh5 Ke8 41. a4 Rc8 42. Be2 bxa4 43. bxa4 Rb8 44. Bxa6 Bd8 45. a5 Ra8 46. Bb7 Ra7 47. a6 Kd7 48. b5 h5 49. b6 Bxb6 50. Nxb6+ Kc7 51. Nd5+ Kd7 52. Kd3 1-0


[Site "https://www.chess.com"]

[Event "Titled Tuesday Blitz July 13 2021"]
[White "Vovk, Orest"]
[Black "Erdogdu, Mert"]
[WhiteFideId "14113490"]
[BlackFideId "6301495"]
[WhiteElo "2203"]
[BlackElo "2485"]
[Result "1/2-1/2"]
[Round "01"]
[TimeControl "180+1"]
[Date "2021.07.13"]
[WhiteClock "0:00:16"]
[BlackClock "0:00:25"]

1. g4 d5 2. h3 g6 3. Bg2 Bg7 4. c4 c6 5. cxd5 cxd5 6. Nc3 e6 7. d4 Ne7 8. Nf3 Nec6 9. O-O O-O 10. Bg5 Qb6 11. Na4 Qb5 12. e3 Nd7 13. b3 Nf6 14. Nc5 Ne4 15. a4 Qa5 16. Rc1 Nxg5 17. Nxg5 h6 18. Nf3 Rd8 19. Qd2 Qxd2 20. Nxd2 Nb4 21. f4 b6 22. Nce4 dxe4 23. Bxe4 Nd5 24. Nc4 Ba6 25. Kf2 Rac8 26. Rfd1 Nb4 27. Ne5 Bxe5 28. fxe5 Rxc1 29. Rxc1 Nd3+ 30. Bxd3 Bxd3 31. Rc7 a6 32. Rc6 Rb8 33. Kf3 Bf1 34. h4 a5 35. e4 Ba6 36. d5 exd5 37. exd5 Kf8 38. Ke4 Ke8 39. h5 gxh5 40. gxh5 Be2 41. Rxh6 Rd8 42. Rh8+ Kd7 43. Rxd8+ Kxd8 44. h6 Bd1 45. Kd4 Bc2 46. e6 fxe6 47. dxe6 Ke7 48. Kc4 Kxe6 49. Kb5 Kf6 50. Kxb6 Bxb3 51. Kxa5 Bxa4 52. Kxa4 Kg6 53. h7 Kxh7 1/2-1/2


[Site "https://www.chess.com"]

[Event "Titled Tuesday Blitz July 13 2021"]
[White "Wagner, Dennis"]
[Black "Hoffmann, Asa"]
[WhiteFideId "24650684"]
[BlackFideId "2001470"]
[WhiteElo "2355"]
[BlackElo "2117"]
[Result "1-0"]
[Round "01"]
[TimeControl "180+1"]
[Date "2021.07.13"]
[WhiteClock "0:00:13"]
[BlackClock "0:00:54"]

1. c4 Nf6 2. Nc3 d6 3. d4 Bf5 4. Qb3 Qc8 5. g3 c6 6. Bg2 e5 7. e3 Nbd7 8. Nge2 Be7 9. h3 h6 10. O-O O-O 11. Kh2 Re8 12. Bd2 Bf8 13. Rad1 a6 14. a4 Rb8 15. f4 exd4 16. exd4 Ne4 17. g4 Nxc3 18. Nxc3 Bd3 19. Rf3 Be4 20. Nxe4 Rxe4 21. Qd3 Qe8 22. Rf2 Re7 23. f5 f6 24. Bf4 Rf7 25. a5 Qd8 26. b4 Rc8 27. Re2 d5 28. cxd5 Bxb4 29. dxc6 bxc6 30. Qxa6 Bxa5 31. Bxc6 Nb8 32. Bxb8 Rxb8 33. Re8+ Qxe8 34. Bxe8 Bc7+ 35. Kg2 Rxe8 36. Qc4 Kf8 37. Rd2 Rfe7 38. Rc2 Bf4 39. Qd5 Re3 40. Ra2 Rg3+ 41. Kf2 Bb8 42. Rb2 Rge3 43. Rxb8 Re2+ 44. Kf3 Re3+ 45. Kf4 1-0


[Site "https://www.chess.com"]